 Dungeon Crawl Stone Soup version 0.29-a0-218-gf2abdc9806 (webtiles) character file.

Game seed: 8526167760119196972

103947 HotDog the Peltast (level 15, 0/134 HPs)
             Began as a Minotaur Fighter on Feb 25, 2022.
             Was the Champion of the Shining One.
             Killed from afar by an ogre mage (12 damage)
             ... with a bolt of magma
             ... while paralysed by an ogre mage
             ... on level 2 of the Orcish Mines.
             The game lasted 00:47:38 (30713 turns).

HotDog the Peltast (Minotaur Fighter)              Turns: 30713, Time: 00:47:39

Health: 0/134      AC: 19    Str: 27      XL:     15   Next: 90%
Magic:  19/19      EV:  2    Int:  0 (2)  God:    the Shining One [******]
Gold:   2557       SH:  0    Dex: 15      Spells: 14/14 levels left

rFire   + . .      SeeInvis .   K - +2 scimitar (flame)
rCold   + . .      Faith    .   B - +3 tower shield
rNeg    + + +      Spirit   .   T - +4 chain mail
rPois   .          Reflect  .   (helmet restricted)
rElec   .          Harm     .   P - scarf {rC+ rF+}
rCorr   .          Rampage  .   q - +3 Mad Mage's Maulers {Infuse+∞ RegenMP Int-3}
Will    +....                   i - +0 pair of boots
Stlth   ..........              F - amulet of regeneration
HPRegen 1.12/turn               h - +4 ring of evasion
MPRegen 0.56/turn               H - +4 ring of evasion

@: paralysed, slowed, lost intelligence, glowing, unable to read
A: horns 2, retaliatory headbutt, fangs 1, thin skeletal structure 1, deformed
body, deterioration 1, frail 1, strong 1
a: Renounce Religion, Divine Shield, Cleansing Flame, Summon Divine Warrior,
Brand Weapon With Holy Wrath


You were on level 2 of the Orcish Mines.
You worshipped the Shining One.
The Shining One was exalted by your worship.
You visited 4 branches of the dungeon, and saw 24 of its levels.

You collected 3007 gold pieces.
You spent 450 gold pieces at shops.

Inventory:

Hand Weapons
 A - a +3 vorpal long sword
 I - a +4 demon trident
 K - a +2 scimitar of flaming (weapon)
Armour
 i - a +0 pair of boots (worn)
 k - a +1 pair of gloves
 q - the +3 Mad Mage's Maulers (worn) {Infuse+∞ RegenMP Int-3}
   (You acquired it on level 7 of the Dungeon)

   It empowers its wearer's blows with all of their magic.
   It causes its wearer's magical reserves to regenerate more quickly.
   Int:       It affects your intelligence (-3).
 B - a +3 tower shield (worn)
 P - a scarf of resistance (worn)
 T - a +4 chain mail (worn)
Jewellery
 c - a ring of protection from fire
 d - a ring of flight
 h - a +4 ring of evasion (left hand)
 m - a +6 ring of dexterity
 t - a ring of fire
 F - an amulet of regeneration (around neck)
 H - a +4 ring of evasion (right hand)
 O - a +6 ring of intelligence
 R - a ring of resist corrosion
 X - a +6 ring of intelligence
 Y - a ring of protection from cold
 Z - a ring of protection from fire
Scrolls
 g - 11 scrolls of teleportation
 j - a scroll of enchant weapon
 l - 3 scrolls of fog
 p - 2 scrolls of amnesia
 C - a scroll of noise
 G - a scroll of blinking
 L - 6 scrolls of magic mapping
 N - 3 scrolls of immolation
 S - 2 scrolls of fear
 U - a scroll of torment {unknown}
 V - a scroll of brand weapon
Potions
 b - 4 potions of brilliance
 e - 4 potions of haste
 f - 4 potions of curing
 o - a potion of invisibility
 r - 2 potions of resistance
 s - a potion of magic {unknown}
 u - a potion of heal wounds
 v - 4 potions of attraction
 w - 5 potions of ambrosia
 z - a potion of lignification
 D - a potion of flight
 J - a potion of might
 Q - a potion of berserk rage {unknown}


   Skills:
 * Level 18.0 Fighting
 * Level 16.5 Long Blades
 * Level 14.6 Armour
 * Level 10.3 Dodging
 * Level 18.8 Shields
 + Level 7.3 Invocations


You had 14 spell levels left.
You didn't know any spells.
Your spell library contained the following spells:

 Spells                   Type           Power      Damage    Failure   Level
 Animate Skeleton         Necr           0%         N/A       100%        1
 Apportation              Tloc           0%         N/A       100%        1
 Sandblast                Erth           0%         2d4       100%        1
 Slow                     Hex            0%         N/A       100%        1
 Summon Small Mammal      Summ           0%         N/A       100%        1
 Ensorcelled Hibernation  Hex/Ice        0%         N/A       100%        2
 Passwall                 Tmut/Erth      0%         N/A       100%        2
 Static Discharge         Conj/Air       0%         N/A       100%        2
 Call Canine Familiar     Summ           0%         N/A       100%        3
 Confusing Touch          Hex            0%         N/A       100%        3
 Dazzling Flash           Conj/Hex       0%         N/A       100%        3
 Ignite Poison            Fire/Tmut/Pois 0%         N/A       100%        3
 Mephitic Cloud           Conj/Pois/Air  0%         N/A       100%        3
 Spider Form              Tmut/Pois      0%         N/A       100%        3
 Stone Arrow              Conj/Erth      0%         3d7       100%        3
 Summon Guardian Golem    Hex/Summ       0%         N/A       100%        3
 Vampiric Draining        Necr           0%         2d6       100%        3
 Airstrike                Air            0%         N/A       100%        4
 Anguish                  Hex/Necr       0%         N/A       100%        4
 Fulminant Prism          Conj/Hex       0%         3d6       100%        4
 Iskenderun's Mystic Bla  Conj/Tloc      0%         2d3       100%        4
 Summon Ice Beast         Ice/Summ       0%         N/A       100%        4
 Summon Lightning Spire   Summ/Air       0%         N/A       100%        4
 Freezing Cloud           Conj/Ice/Air   0%         6-21      100%        5
 Lightning Bolt           Conj/Air       0%         1d11      100%        5
 Summon Mana Viper        Hex/Summ       0%         N/A       100%        5
 Starburst                Conj/Fire      0%         6d3       100%        6
 Monstrous Menagerie      Summ           0%         N/A       100%        7
 Spellforged Servitor     Conj/Summ      0%         N/A       100%        7
 Maxwell's Capacitive Co  Air            0%         ∞         100%        8


Dungeon Overview and Level Annotations

Branches:
Dungeon (15/15)            Temple (1/1) D:5            Lair (6/6) D:8
 Shoals (0/4) Lair:3        Snake (0/4) Lair:4        Slime (0/5) Lair:5
    Orc (2/2) D:12            Elf (0/3) Orc:2        Vaults (0/5) D:13
 Depths (0/4) D:15

Altars:
Cheibriados
Dithmenos
Elyvilon
Gozag
Hepliaklqana
Makhleb
Nemelex Xobeh
Okawaru
Qazlal
Ru
Trog
Wu Jian
Xom
Yredelemnul
The Shining One

Shops:
D:1 *   D:8 =   D:14 (*   Orc:1 [   Orc:2 ([

Annotations:
Lair:3 2 transporters, Behiugoeme's ghost, journeyman DECj
Lair:5 Sonja


Innate Abilities, Weirdness & Mutations

You have a pair of horns on your head.
You reflexively headbutt those who attack you in melee.
You have very sharp teeth.
You have a somewhat thin skeletal structure. (Dex +2, Stealth+)
Armour fits poorly on your strangely shaped body.
Your body sometimes deteriorates upon taking damage.
You are frail. (-10% HP)
Your muscles are strong. (Str +2)


Message History

Items here: )))).
You start resting.
Magic restored.
You start resting.
HP restored.
You start waiting.
Done waiting.
There is a stone staircase leading down here.
You climb downwards.
The ogre mage points at you and mumbles some strange words.
You suddenly lose the ability to move!
The ogre hits you with a +0 giant club!
Your body deteriorates!
You feel dopey.
The ogre mage gestures wildly while chanting.
The ogre mage flickers and vanishes for a moment.
The ogre mage hits you but does no damage.
The ogre mage casts a spell at you. The bolt of magma hits you!
You partially resist.
Your body deteriorates!
You feel dopey.
You have lost your intelligence.
The ogre mage hits you but does no damage.
The ogre mage hits you from afar with a +0 spear.
The ogre hits you with a +0 giant club!
The ogre mage gestures at you while chanting.
You resist with some effort. The ogre mage hits you with a +0 spear.
The ogre hits you but does no damage. The ogre hits you with a +0 giant club!
The ogre mage gestures at you while chanting.
The bolt of magma hits you!! You partially resist.
The ogre mage points at you and mumbles some strange words.
You resist with some effort.
The ogre hits you but does no damage. x2
The ogre mage points at you and mumbles some strange words.
The bolt of magma hits you! You partially resist.
* * * LOW HITPOINT WARNING * * *
The ogre mage hits you from afar with a +0 spear.
* * * LOW HITPOINT WARNING * * *
The ogre hits you with a +0 giant club!
* * * LOW HITPOINT WARNING * * *
The ogre mage casts a spell at you. The bolt of magma hits you!
You partially resist.
You die...

#.....#.#..#......###
#...........#.....O..
............#...).O...
$....##.....##...#.OOOO.
..... #..........#OOO...
...# ###........##.##..
#.... #.OO..O.....###...
##....#.OO...#.........#
#......@OO..###.......##
####..).O#.## #......##
##....### ###...##
..#..#. ##.#....##
##.#...## ##........# #
...# ##........### ...##
#..........#. #.#
###...#......
#.####.....##.....


You could see 3 ogre magi and 5 ogres.

Vanquished Creatures
  Rupert (Lair:3)
  Frances (D:12)
  An orc warlord (Orc:1)
  A fire dragon (D:14)
  4 vault guards (D:13)
  2 boulder beetles
  Harold (D:7)
  A catoblepas (D:14)
  2 ogre magi
  10 hydras
  Erica (D:11)
  12 two-headed ogres
  The ghost of Laiska the Geomancer, a journeyman GrEE of Cheibriados (Lair:1)
  2 death knights
  A centaur warrior (D:13)
  5 death yaks (Lair:5)
  Urug (Lair:3)
  5 skeletal warriors
  A fire crab (shapeshifter) (D:15)
  Lodul (D:11)
  2 wizards
  6 deep elf pyromancers
  A necromancer (D:15)
  4 orc knights
  3 ugly things
  2 wolf spiders (Lair:6)
  2 cyclopes
  6 orc sorcerers
  A guardian serpent (Lair:6)
  4 centaur zombies
  A merfolk siren (Lair:3)
  17 elephants
  Joseph (D:9)
  11 black mambas
  3 torpor snails
  13 cane toads
  A kobold demonologist (D:14)
  A gargoyle (D:13)
  3 unseen horrors
  Psyche (D:12)
  An efreet (D:15)
  3 rime drakes
  3 yaktaurs
  A tengu conjurer (D:14)
  3 freezing wraiths
  7 komodo dragons
  A queen bee (Lair:3)
  6 trolls
  A queen bee (shapeshifter) (D:13)
  4 polar bears (Lair:1)
  4 hornets
  5 dream sheep (Lair:4)
  A blink frog (Lair:1)
  A wind drake (shapeshifter) (D:15)
  2 slime creatures (Lair:5)
  Sigmund (D:6)
  18 flying skulls (D:13)
  2 wraiths
  A shadow (D:13)
  6 basilisks
  2 centaur simulacra (D:15)
  19 wyverns
  A wyvern (shapeshifter) (D:15)
  67 yaks
  A redback (Lair:6)
  2 steam dragons
  3 wargs
  Menkaure (D:4)
  5 vampire mosquitoes
  3 acid dragons
  27 water moccasins
  2 swamp drakes (Lair:6)
  5 orc warriors
  2 ice beasts
  6 black bears
  2 sky beasts
  3 boggarts (D:14)
  4 necrophages
  11 ogres
  24 wolves
  4 phantoms
  6 centaurs
  3 kobold brigands
  A bullfrog (shapeshifter) (D:15)
  2 scorpions
  7 bullfrogs
  A gnoll sergeant (D:10)
  4 troll zombies (D:12)
  28 killer bees
  3 wights (D:8)
  2 electric eels (D:9)
  10 howler monkeys
  A lava snake (D:14)
  2 hounds (D:5)
  2 jellies (Lair:5)
  A gnoll shaman (D:10)
  4 orc priests
  3 iguanas
  Ijyb (D:4)
  15 orc wizards
  4 ogre zombies (D:12)
  A howler monkey zombie (D:10)
  11 adders
  5 gnolls (D:10)
  A worm (D:2)
  3 dart slugs
  46 orcs
  9 ball pythons
  8 endoplasms
  3 giant cockroaches
  11 goblins
  7 hobgoblins
  5 jackals
  12 kobolds
  4 quokkas
  4 bats
  5 frilled lizards
  2 goblin zombies (D:12)
  3 hobgoblin zombies (D:12)
  4 orc skeletons (D:12)
  14 orc zombies (D:12)
  6 rats
  A fire vortex (D:14)
667 creatures vanquished.

Vanquished Creatures (collateral kills)
  A fire dragon (Lair:6)
  A two-headed ogre (D:12)
  A swamp dragon (Lair:6)
  A yak (D:12)
  A wraith (D:12)
  2 howler monkeys (D:12)
7 creatures vanquished.

Vanquished Creatures (others)
  A rime drake (Lair:6)
  A yak (D:12)
  An acid dragon (Lair:6)
  A goblin skeleton (D:12)
  A hobgoblin zombie (D:12)
  47 fungi
  100 plants
  A withered plant (D:10)
153 creatures vanquished.

Grand Total: 827 creatures vanquished

Notes
Turn   | Place    | Note
-------+----------+-------------------------------------------
     0 | D:1      | HotDog the Minotaur Fighter began the quest for the Orb.
     0 | D:1      | Reached XP level 1. HP: 19/19 MP: 0/0
   205 | D:1      | Found a faded altar of an unknown god.
   213 | D:1      | Reached XP level 2. HP: 27/27 MP: 1/1
   547 | D:1      | Found Wotakoas's General Store.
   920 | D:1      | Reached XP level 3. HP: 25/33 MP: 2/2
  1378 | D:2      | Reached skill level 1 in Invocations
  1389 | D:2      | Reached XP level 4. HP: 35/40 MP: 3/3
  1582 | D:2      | Reached skill level 1 in Dodging
  2052 | D:3      | Identified the +5 dagger of Embarrassment {elec, Int+4
                  | Dex+4}
  2731 | D:3      | Noticed a phantom
  2746 | D:3      | Killed a phantom
  2747 | D:3      | Reached XP level 5. HP: 28/47 MP: 5/5
  3092 | D:4      | Noticed Menkaure
  3146 | D:4      | Noticed Ijyb
  3155 | D:4      | Noticed an ice beast
  3524 | D:3      | Reached skill level 5 in Long Blades
  3524 | D:3      | Reached XP level 6. HP: 52/53 MP: 6/6
  3546 | D:4      | Killed an ice beast
  3547 | D:4      | Reached skill level 5 in Armour
  3780 | D:4      | Reached XP level 7. HP: 50/60 MP: 7/7
  4089 | D:4      | Killed Menkaure
  4198 | D:4      | Killed Ijyb
  4280 | D:5      | Entered Level 5 of the Dungeon
  4355 | D:5      | Reached skill level 5 in Fighting
  4359 | D:5      | Reached skill level 5 in Shields
  4778 | D:5      | Found a staircase to the Ecumenical Temple.
  4789 | Temple   | Entered the Ecumenical Temple
  4793 | Temple   | Reached XP level 8. HP: 68/68 MP: 9/9
  4998 | Temple   | Became a worshipper of the Shining One
  5704 | D:6      | Noticed Sigmund
  5721 | D:6      | Killed Sigmund
  6495 | D:7      | HP: 2/70 [poisoned by a water moccasin]
  7276 | D:7      | Reached XP level 9. HP: 21/75 MP: 10/10
  7723 | D:7      | Found a stormy altar of Qazlal.
  8328 | D:7      | Noticed Harold
  8355 | D:8      | Found a staircase to the Lair.
  8626 | D:8      | Noticed a two-headed ogre
  8651 | D:8      | Killed a two-headed ogre
  8652 | D:8      | Reached XP level 10. HP: 53/86 MP: 12/12
  9189 | D:8      | Found Tilaz's Jewellery Shoppe.
  9306 | D:8      | Noticed an eight-headed hydra
  9327 | D:7      | Reached * piety under the Shining One
  9328 | D:7      | Killed Harold
  9329 | D:7      | Reached skill level 10 in Long Blades
 10012 | D:7      | Identified a scroll of acquirement
 10012 | D:7      | Acquired the +3 Mad Mage's Maulers {Infuse+∞ RegenMP Int-3}
 10012 | D:7      | Found the +3 Mad Mage's Maulers {Infuse+∞ RegenMP Int-3}
 10126 | D:9      | Noticed Joseph
 10163 | D:9      | Killed Joseph
 10164 | D:9      | Reached skill level 5 in Dodging
 10294 | D:9      | Reached skill level 5 in Invocations
 10305 | D:9      | Found a bloodstained altar of Trog.
 11241 | D:10     | Entered Level 10 of the Dungeon
 11422 | D:10     | Reached skill level 10 in Armour
 12030 | D:10     | Reached XP level 11. HP: 94/97 MP: 0/14
 12390 | D:11     | Reached ** piety under the Shining One
 12605 | D:11     | Identified the +9 mace of Fany {vorpal, Int+3}
 12703 | D:11     | Noticed Erica
 12724 | D:11     | Killed Erica
 12736 | D:11     | Reached skill level 10 in Fighting
 13147 | D:8      | Bought an amulet of regeneration for 450 gold pieces
 13833 | D:8      | Killed a four-headed hydra
 13834 | D:8      | Reached skill level 10 in Shields
 14138 | D:11     | Noticed a two-headed ogre
 14146 | D:11     | Killed a two-headed ogre
 14216 | D:11     | Noticed a two-headed ogre
 14225 | D:11     | Killed a two-headed ogre
 14279 | D:11     | Noticed a two-headed ogre
 14279 | D:11     | Noticed a two-headed ogre
 14280 | D:11     | Noticed Lodul
 14318 | D:12     | Noticed a four-headed hydra
 14326 | D:12     | Killed a one-headed hydra
 14546 | D:12     | Noticed a two-headed ogre
 14554 | D:12     | Killed a two-headed ogre
 14555 | D:12     | Reached XP level 12. HP: 96/110 MP: 2/15
 14580 | D:12     | Noticed Psyche
 14581 | D:12     | Noticed Frances
 14601 | D:13     | Noticed a centaur warrior
 14601 | D:13     | Reached *** piety under the Shining One
 14607 | D:13     | Killed a centaur warrior
 14796 | D:13     | Noticed a vault guard
 15293 | D:13     | Noticed a death knight
 15332 | D:13     | Killed a death knight
 15620 | D:13     | Reached **** piety under the Shining One
 15736 | D:13     | Found the +3 giant club "Skullcrusher" {speed, Str+7}
 15780 | D:13     | Got the Incunabulum of Conjuration
 16036 | D:13     | Noticed a vault guard
 16409 | D:11     | Noticed a two-headed ogre
 16417 | D:11     | Killed a two-headed ogre
 16423 | D:11     | Killed a two-headed ogre
 16429 | D:11     | Killed a two-headed ogre
 16446 | D:11     | Killed Lodul
 16447 | D:11     | Reached XP level 13. HP: 106/119 MP: 0/17
 17026 | Lair:1   | Entered Level 1 of the Lair of Beasts
 17416 | Lair:1   | Reached ***** piety under the Shining One
 17466 | Lair:1   | Found a runed translucent door.
 17468 | Lair:1   | Noticed Laiska's ghost (journeyman GrEE)
 18149 | Lair:1   | Killed Laiska's ghost
 19556 | Lair:3   | Noticed Urug
 19567 | Lair:3   | Killed Urug
 19605 | Lair:3   | Noticed Rupert
 19640 | Lair:3   | Killed Rupert
 19711 | Lair:3   | Found a transporter.
 19715 | Lair:3   | Noticed Behiugoeme's ghost (journeyman DECj)
 19744 | Lair:3   | Found a transporter.
 20285 | Lair:3   | Found a staircase to the Shoals.
 21242 | Lair:4   | Reached XP level 14. HP: 133/133 MP: 0/18
 21386 | Lair:4   | Found a staircase to the Snake Pit.
 21392 | Lair:4   | Reached skill level 15 in Shields
 21583 | Lair:4   | Reached skill level 15 in Fighting
 21583 | Lair:4   | Reached skill level 15 in Long Blades
 22875 | Lair:5   | Found a staircase to the Slime Pits.
 23060 | Lair:5   | Noticed Sonja
 23063 | Lair:5   | Paralysed by Sonja for 4 turns
 23067 | Lair:6   | Entered Level 6 of the Lair of Beasts
 23182 | Lair:6   | Acquired 529 gold pieces
 23366 | Lair:6   | Gained mutation: You expend magic power (3 MP) to
                  | strengthen your wands. [potion of mutation]
 23366 | Lair:6   | Gained mutation: Your spells are a little easier to cast,
                  | but a little less powerful. [potion of mutation]
 23367 | Lair:6   | Lost mutation: Your spells are a little easier to cast, but
                  | a little less powerful. [potion of mutation]
 23367 | Lair:6   | Lost mutation: You expend magic power (3 MP) to strengthen
                  | your wands. [potion of mutation]
 23367 | Lair:6   | Gained mutation: Your muscles are strong. (Str +2) [potion
                  | of mutation]
 23367 | Lair:6   | Gained mutation: You have a somewhat thin skeletal
                  | structure. (Dex +2, Stealth+) [potion of mutation]
 24359 | Lair:6   | Reached XP level 15. HP: 146/146 MP: 1/19
 25309 | D:12     | Killed Psyche
 25325 | D:12     | Found a staircase to the Orcish Mines.
 25347 | D:12     | Reached ****** piety under the Shining One
 25378 | D:12     | Gained mutation: You tend to lose your temper in combat. [a
                  | neqoxec]
 25384 | D:12     | Gained mutation: Your body sometimes deteriorates upon
                  | taking damage. [a neqoxec]
 25394 | D:12     | Lost mutation: You tend to lose your temper in combat. [a
                  | neqoxec]
 25395 | D:12     | Gained mutation: Armour fits poorly on your strangely
                  | shaped body. [a neqoxec]
 25400 | D:12     | Gained mutation: You are frail. (-10% HP) [a neqoxec]
 25401 | D:12     | Gained mutation: You have very sharp teeth. [a neqoxec]
 25403 | D:12     | Killed Frances
 26526 | D:14     | Identified the +2 pair of gloves of Sunlight {rElec rF-
                  | Regen+ Slay-6}
 26611 | D:14     | Found Zeuguag's Weapon Shoppe.
 26612 | D:14     | You fall into a shaft and drop 1 floor!
 26612 | D:15     | Entered Level 15 of the Dungeon
 27537 | D:15     | Reached skill level 10 in Dodging
 27668 | D:15     | Found a staircase to the Depths.
 27807 | D:14     | Found Sicej's Mass Market.
 28630 | D:13     | Found a gate to the Vaults.
 29132 | Orc:1    | Entered Level 1 of the Orcish Mines
 29250 | Orc:1    | Noticed an orc warlord
 29277 | Orc:1    | Killed an orc warlord
 29358 | Orc:1    | Found Yrycry's Armour Emporium.
 30004 | Orc:2    | Entered Level 2 of the Orcish Mines
 30241 | Orc:2    | Found a staircase to the Elven Halls.
 30261 | Orc:2    | Found Heziukk's Antique Weapon Emporium.
 30261 | Orc:2    | Found Lumas's Armour Shop.
 30286 | Orc:2    | Paralysed by an ogre mage for 3 turns
 30708 | Orc:2    | Paralysed by an ogre mage for 5 turns
 30708 | Orc:2    | Lost intelligence.
 30713 | Orc:2    | Killed from afar by an ogre mage

Illustrated notes

Levels and vault maps discovered:
D:1:      tarquinn_simple_flora_water_e, layout_basic,
          chequers_ecumenical_altar_island, serial_shops,
          nicolae_shop_waterfront, minivault_5
D:2:      layout_basic, minmay_box_of_dots
D:3:      layout_loops_ring, kennysheep_another_room, kennysheep_generic_room_4
D:4:      layout_cave_pools, uniq_menkaure, uniq_ijyb
D:5:      layout_loops_cross, minmay_temple_entry_grid
D:6:      layout_loops_ring, uniq_sigmund
D:7:      layout_basic, lemuel_round_altar, enter_bailey_5, minmay_checkerbox,
          uniq_harold
D:8:      layout_layer_cave, dpeg_oklobed_lair, serial_shops,
          nicolae_shop_behind_doors
D:9:      layout_basic, mainiacjoe_overflow_cross_hatched, minivault_14,
          serial_bayou_lagoon_a, uniq_joseph, uniq_prince_ribbit1
D:10:     layout_long_grid, serial_undead, serial_undead_e, serial_undead_a,
          serial_undead_f, serial_undead_d, minmay_between
D:11:     layout_cave_pods, uniq_erica, uniq_lodul
D:12:     layout_rooms, zombieorc2_lemuel, nrook_loot_triangle, uniq_frances,
          uniq_psyche
D:13:     layout_small_grid, grunt_vaults_entry_fortified,
          minmay_guarded_unrand_skullcrusher
D:14:     layout_roguey, kennysheep_donut, serial_shops,
          nicolae_shop_advertising_works [nicolae_subvault_shop_adworks],
          minmay_shop_mass, minmay_microvault
D:15:     grunt_enter_depths_magical_seal, layout_rooms, grunt_decor_junction
Temple:   mainiacjoe_temple_big_plus
Lair:1:   beast_lair_carwin_large_1, layout_gridlike, ebering_ghost_inner_flame,
          st_stairs_13, columned_hall_lemuel, grunt_forest_small_clearing_treed
Lair:2:   layout_big_grid, grunt_megastairs_1
Lair:3:   layout_roguey [special_room_bee], elwin_shoals_entry_rooms,
          gammafunk_ghost_berserking_beasts, uniq_rupert, uniq_urug
Lair:4:   layout_cave_pods, minmay_snake_entry_six_corridors,
          beast_lair_carwin_9, lemuel_fruit_fields
Lair:5:   layout_regular_city, minmay_slime_entry_pillars, minivault_26,
          grunt_megastairs_5, serial_bayou_shore_b, lemuel_fruit_tree,
          uniq_sonja
Lair:6:   hangedman_lair_tendril_chambers, layout_loops_ring,
          guppyfry_lair_end_dragon, chequers_serial_rivers_room_b
Orc:1:    layout_diamond_mine, serial_shops, nicolae_square_shop,
          guppyfry_orc_lava_fort
Orc:2:    st_orc_ogre_mass, layout_diamond_mine

Skill      XL: |  1  2  3  4  5  6  7  8  9 10 11 12 13 14 15 |
---------------+----------------------------------------------+-----
Shields        | 4 5 6 7 8 10 12 14 17 18 | 18.8
Fighting       | 4 5 6 7 9 11 12 14 16 18 | 18.0
Long Blades    | 3 4 5 7 8 9 11 12 14 15 16 | 16.5
Armour         | 4 5 6 7 9 10 11 12 13 14 | 14.6
Invocations    | 1 2 3 4 5 6 7 |  7.3
Dodging        | 1 2 3 4 5 6 7 8 9 10 | 10.3

Action                   |  1- 3 |  4- 6 |  7- 9 | 10-12 | 13-15 || total
-------------------------+-------+-------+-------+-------+-------++-------
Melee: Long sword        |    89 |   109 |   226 |   211 |       ||   635
       Headbutt          |    11 |    13 |    63 |   147 |   465 ||   699
       Scimitar          |       |       |       |   290 |  1468 ||  1758
       Bite              |       |       |       |       |    65 ||    65
Invok: Summon Divine War |       |       |       |       |     2 ||     2
  Use: Scroll            |     4 |       |     9 |     5 |    11 ||    29
       Potion            |       |       |     5 |     2 |    11 ||    18
Armor: Scale mail        |    29 |    21 |    21 |       |       ||    71
       Chain mail        |       |       |    23 |   118 |   348 ||   489
       Skin              |       |       |       |       |    16 ||    16
Dodge: Dodged            |    54 |    82 |   127 |   236 |   637 ||  1136
Block: Buckler           |    19 |    30 |    21 |       |       ||    70
       Tower shield      |       |       |   115 |   454 |  1716 ||  2285

Table legend: (Time is in decaauts)
 A = Elapsed time spent in this place.
 B = Non-inter-level travel time spent in this place.
 C = Inter-level travel time spent in this place.
 D = Time resting spent in this place.
 E = Time spent auto-exploring this place.
 F = Levels seen in this place.
 G = Mean time per level.
                   A        B        C        D        E       F      G
               +--------+--------+--------+--------+--------+-----+--------+
         Total |  30788 |  28953 |   1835 |   7088 |  16868 |  24 | 1282.8 |
       Dungeon |  21240 |  19792 |   1448 |   6299 |  10227 |  15 | 1416.0 |
        Temple |    239 |    196 |     43 |      0 |    184 |   1 |  239.0 |
          Lair |   7892 |   7575 |    317 |    443 |   5720 |   6 | 1315.3 |
  Orcish Mines |   1416 |   1391 |     25 |    346 |    737 |   2 |  708.0 |
               +--------+--------+--------+--------+--------+-----+--------+

Top non-repeatable levels by time:
    D:13: 2450 daAuts
     D:7: 2069 daAuts
     D:8: 1893 daAuts
  Lair:6: 1773 daAuts
    D:11: 1736 daAuts
     D:6: 1638 daAuts
     D:9: 1600 daAuts
  Lair:4: 1572 daAuts
     D:3: 1570 daAuts
  Lair:1: 1340 daAuts
  Lair:3: 1319 daAuts
     D:1: 1295 daAuts
  Lair:2: 1226 daAuts
    D:12: 1175 daAuts
    D:15: 1173 daAuts
